 Dungeon Crawl Stone Soup version 0.26.1-12-g5ba1501909 (webtiles) character file.

Game seed: 12892002636680677510

278 Zeld the Sneak (level 6, -3/41 HPs)
             Began as an Octopode Brigand on Oct 25, 2021.
             Slain by an orc wizard
             ... wielding a +2 dagger of pain
              (6 damage)
             ... on level 4 of the Dungeon.
             The game lasted 00:03:56 (4111 turns).

Zeld the Sneak (Octopode Brigand)                   Turns: 4111, Time: 00:03:57

Health: -3/41      AC:  1    Str: 10    XL:     6   Next: 26%
Magic:  6/6        EV: 14    Int: 14    God:
Gold:   100        SH:  0    Dex: 15    Spells: 5/5 levels left

rFire    . . .     SeeInvis .   a - +2 dagger
rCold    . . .     Faith    .   (no shield)
rNeg     . . .     Spirit   .   (helmet restricted)
rPois    .         Reflect  .   (no amulet)
rElec    .         Harm     .   (no ring)
rCorr    .         Rampage  .   (no ring)
Will     .....                  (no ring)
Stlth    ++++......             (no ring)
HPRegen  0.13/turn              (no ring)
MPRegen  0.10/turn              (no ring)
                                (no ring)
                                (no ring)

@: no status effects
A: almost no armour, stealthy swim, amphibious, 8 rings, constrict 8, camouflage
1, gelatinous body 1
a: no special abilities


You were on level 4 of the Dungeon.
You visited 1 branch of the dungeon, and saw 4 of its levels.

You collected 100 gold pieces.

Inventory:

Hand Weapons
 a - a +2 dagger (weapon)
Missiles
 b - 8 poisoned darts (quivered)
 c - 2 curare-tipped darts
Jewellery
 i - an uncursed ring of flight {unknown}
 m - an uncursed amulet of magic regeneration
Scrolls
 d - 5 scrolls of identify {unknown}
 e - 4 scrolls of amnesia {unknown}
 f - 5 scrolls of remove curse {unknown}
 g - 2 scrolls of teleportation {unknown}
Potions
 h - 2 potions of mutation {unknown}
 j - 5 potions of curing {unknown}
 k - 2 potions of resistance {unknown}
 l - 2 potions of lignification {unknown}
 n - a potion of haste


   Skills:
 + Level 2.9 Fighting
 * Level 3.5 Short Blades
 * Level 3.6 Throwing
 + Level 2.2 Dodging
 * Level 6.8 Stealth


You had 5 spell levels left.
You didn't know any spells.
Your spell library was empty.

Dungeon Overview and Level Annotations

Branches:
Dungeon (4/15)
 Temple: D:4-7

Altars:


Innate Abilities, Weirdness & Mutations

You cannot wear most types of armour.
You are very stealthy in the water. (Stealth+)
You are amphibious.
You can wear up to eight rings at the same time.
You can use your tentacles to constrict eight enemies at once.
Your skin changes colour to match your surroundings (Stealth+).
Your rubbery body absorbs attacks. (AC +1, EV +1)


Message History

The slug dart hits you.
* * * LOW HITPOINT WARNING * * *
You hit the dart slug. You grab the dart slug. You squeeze the dart slug!
You kill the dart slug!
You see here a frilled lizard corpse.
An orc wizard comes into view. It is wielding a +2 dagger of pain.
The orc wizard shouts!
You hear a shout! x2
The orc wizard casts a spell at you. The magic dart hits you.
* * * LOW HITPOINT WARNING * * *
An orc comes into view.
An orc priest comes into view. It is wielding a +0 flail.
The orc wizard casts a spell at you. The puff of flame hits you!
* * * LOW HITPOINT WARNING * * *
The orc wizard mumbles some strange words.
The orc wizard seems to speed up.
The orc wizard begins to cast a cantrip, but forgets the words!
The orc wizard hits you with a +2 dagger of pain.
You die...

#.# #.### #....#
###.###.###############....#
.........................>.#
###.###.##.############....#
###.# #.##.# ###.## ....#
#.##.# #######.# #####
#.##.# #.....#.#
..##.########.#.....#
####.##..o@<#.#.#.###
#....#.###...#.#.# #.#..#.#
#.###.#.# . #.#..#.# #..
..#.# # # #..#.###.......#
#..#...#.####### #......#.#
.....o###..#.. ...... ..###


You could see an orc wizard (fast).

Vanquished Creatures
  A howler monkey (D:4)
  A hound (D:4)
  A worker ant (D:3)
  9 adders
  An ooze (D:3)
  An adder skeleton (D:4)
  A worm (D:3)
  A dart slug (D:4)
  3 leopard geckos
  8 orcs (D:3)
  A ball python (D:1)
  10 bats
  3 giant cockroaches (D:3)
  7 goblins
  13 hobgoblins
  6 jackals
  A quokka (D:2)
  5 frilled lizards
  7 kobolds
  6 rats
86 creatures vanquished.

Vanquished Creatures (others)
  A plant (D:4)
1 creature vanquished.

Grand Total: 87 creatures vanquished

Notes
Turn   | Place    | Note
-------+----------+-------------------------------------------
     0 | D:1      | Zeld the Octopode Brigand began the quest for the Orb.
     0 | D:1      | Reached XP level 1. HP: 14/14 MP: 1/1
    58 | D:1      | Reached XP level 2. HP: 5/19 MP: 2/2
   518 | D:1      | You fall into a shaft and drop 1 floor!
   527 | D:2      | Reached XP level 3. HP: 18/24 MP: 3/3
   874 | D:2      | Reached XP level 4. HP: 21/30 MP: 4/4
  1681 | D:2      | Reached skill level 6 in Stealth
  2157 | D:3      | Reached XP level 5. HP: 31/35 MP: 5/5
  2213 | D:3      | HP: 1/35 [orc/+0 whip (6)]
  4031 | D:4      | Noticed an ogre
  4033 | D:4      | Reached XP level 6. HP: 30/41 MP: 6/6
  4103 | D:4      | HP: 2/41 [orc wizard/puff of flame (8)]
  4111 | D:4      | Slain by an orc wizard

Illustrated notes

Levels and vault maps discovered:
D:1:      moated_graveyard_arrival, layout_rooms
D:2:      layout_basic
D:3:      layout_rooms, moated_statue, minmay_splitting_lines
D:4:      layout_basic, dk_vineyard_3, serial_bayou_pond_b, hangedman_decor_push

Skill      XL: |  1  2  3  4  5 |
---------------+----------------+-----
Stealth        | 6 |  6.8
Short Blades   | 3 |  3.5
Throwing       | 3 |  3.6
Dodging        | 2 |  2.2
Fighting       | |  2.9

Action                   |  1- 3 |  4- 6 || total
-------------------------+-------+-------++-------
Melee: Dagger            |    63 |   145 ||   208
       Constrict         |    12 |    36 ||    48
       Tentacles         |     8 |    29 ||    37
 Stab: Sleeping          |     5 |    14 ||    19
Armor: Skin              |     4 |    11 ||    15
Dodge: Dodged            |    32 |    99 ||   131
